 Dungeon Crawl Stone Soup version 0.30.1 (webtiles) character file.

Game seed: 8457865604264020002

102 DemonSlayer the Digger (level 4, -2/30 HPs)
             Began as a Demonspawn Earth Elementalist on July 2, 2023.
             Killed from afar by a white imp (10 damage)
             ... with a puff of frost
             ... on level 4 of the Dungeon.
             The game lasted 00:03:31 (2041 turns).

DemonSlayer the Digger (DsEE)                       Turns: 2041, Time: 00:03:32

Health: -2/30      AC:  3    Str:  8    XL:     4   Next: 49%
Magic:  7/9        EV: 12    Int: 17    God:
Gold:   147        SH:  0    Dex: 15    Spells: 8/9 levels left

rFire   . . .        b - +0 dagger
rCold   . . .        (no shield)
rNeg    . . .        a - +0 robe
rPois   .            (no helmet)
rElec   .            o - +0 cloak
rCorr   .            (no gloves)
SInv    .            (no boots)
Will    .....        (no amulet)
Stlth   ++           (no ring)
HPRegen 0.25/turn    (no ring)
MPRegen 0.11/turn

%: no passive effects
@: no status effects
A: ignite blood 1, powered by pain 1
a: no special abilities


You were on level 4 of the Dungeon.
You visited 1 branch of the dungeon, and saw 3 of its levels.

You collected 147 gold pieces.

Inventory:

Hand Weapons
 b - a +0 dagger (weapon)
Missiles
 c - 6 boomerangs
Armour
 a - a +0 robe (worn)
 o - a +0 cloak (worn)
Scrolls
 f - a scroll of noise {unknown}
 h - a scroll of enchant weapon {unknown}
 j - 3 scrolls of immolation {unknown}
 k - a scroll of brand weapon {unknown}
 l - a scroll of fear {unknown}
 m - a scroll of identify {unknown}
 p - a scroll of magic mapping {unknown}
 q - a scroll of enchant armour {unknown}
 r - a scroll of fog {unknown}
 s - a scroll of teleportation {unknown}
Potions
 d - a potion of invisibility {unknown}
 e - a potion of might {unknown}
 g - a potion of mutation {unknown}
 i - 2 potions of curing {unknown}
 n - 2 potions of attraction {unknown}
 t - a potion of ambrosia {unknown}


   Skills:
 + Level 0.4 Short Blades
 + Level 2.1 Dodging
 + Level 2.0 Stealth
 + Level 3.4 Spellcasting
 + Level 0.8 Transmutations
 + Level 3.4 Earth Magic


You had 8 spell levels left.
You knew the following spells:

 Your Spells              Type           Power      Damage    Failure   Level
a - Sandblast             Erth           28%        2d8       4%          1

Your spell library contained the following spells:

 Spells                   Type           Power      Damage    Failure   Level
 Passwall                 Tmut/Erth      8%         N/A       11%         2
 Sting                    Tmut/Pois      16%        1d3       14%         1
 Stone Arrow              Conj/Erth      16%        3d8       24%         3
 Poisonous Vapours        Pois/Air       4%         N/A       26%         2
 Petrify                  Tmut/Erth      10%        N/A       56%         4
 Olgreb's Toxic Radiance  Pois           2%         N/A       86%         4


Dungeon Overview and Level Annotations

Branches:
Dungeon (2/15)

Altars:

Annotations:
D:2 Sigmund


Innate Abilities, Weirdness & Mutations

Your demonic aura sometimes causes spilled blood to erupt in flames.
You sometimes gain a little power by taking damage.


Message History

You kill the orc!
Things that are here:
a +0 trident; an orc corpse A white imp comes into view.
A white imp is nearby!
A white imp is nearby!
A white imp is nearby!
The white imp gestures at you. The puff of frost hits you!
The blast of sand hits the white imp but does no damage.
The white imp gestures at you. The puff of frost hits you.
You are too injured to fight recklessly!
You are too injured to fight recklessly!
Casting: Sandblast (safe; 4% risk of failure)
Confirm with . or Enter, or press ? or * to list all spells.
Aiming: Sandblast (safe; 4% risk of failure)
Press: ? - help, Shift-Dir - straight line, f/p - white imp
Aim: a white imp (82% to hit)
The blast of sand hits the white imp but does no damage.
The white imp gestures at you. The puff of frost hits you!
* * * LOW HITPOINT WARNING * * *
You focus on the pain.
You feel your power returning.
Casting: Sandblast (safe; 4% risk of failure)
Confirm with . or Enter, or press ? or * to list all spells.
Aiming: Sandblast (safe; 4% risk of failure)
Press: ? - help, Shift-Dir - straight line, f/p - white imp
Aim: a white imp (82% to hit)
The blast of sand hits the white imp but does no damage.
The white imp closely misses you.
Casting: Sandblast (safe; 4% risk of failure)
Confirm with . or Enter, or press ? or * to list all spells.
Aiming: Sandblast (safe; 4% risk of failure)
Press: ? - help, Shift-Dir - straight line, f/p - white imp
Aim: a white imp (82% to hit)
The blast of sand hits the white imp but does no damage.
The white imp gestures at you. The puff of frost hits you!
You die...

### ### #.#
#.######.#####..
##.............#
##.#####.#######
#..# #..# ##..#
#..## #..##
##@.# #..# #5.#
##.## ##..# #..#
..# ##..# ..#
#..## #.. #.)#
... # ##..# .###
####..##


You could see a white imp.

Vanquished Creatures
  Jessica (D:2)
  4 adders
  2 dart slugs
  An orc (D:4)
  3 bats (D:1)
  4 endoplasms
  2 giant cockroaches
  2 goblins
  A hobgoblin (D:1)
  3 jackals (D:1)
  5 ball pythons
  6 kobolds
  3 rats
37 creatures vanquished.

Notes
Turn   | Place    | Note
-------+----------+-------------------------------------------
     0 | D:1      | DemonSlayer the Demonspawn Earth Elementalist began the
                  | quest for the Orb.
     0 | D:1      | Reached XP level 1. HP: 13/13 MP: 3/3
   341 | D:1      | Gained mutation: You sometimes gain a little power by
                  | taking damage. [demonic ancestry]
   341 | D:1      | Reached XP level 2. HP: 14/19 MP: 0/5
  1232 | D:2      | Gained mutation: Your demonic aura sometimes causes spilled
                  | blood to erupt in flames. [demonic ancestry]
  1232 | D:2      | Reached XP level 3. HP: 22/24 MP: 1/6
  1352 | D:2      | Noticed Jessica
  1356 | D:2      | Killed Jessica
  1357 | D:2      | Reached XP level 4. HP: 30/30 MP: 4/8
  1805 | D:2      | Noticed Sigmund
  1830 | D:2      | You fall into a shaft and drop 2 floors!
  2041 | D:4      | Killed from afar by a white imp

Illustrated notes

Levels and vault maps discovered:
D:1:      saegor_arrival_fortress, layout_loops_ring, minmay_pentomino_q4
D:2:      layout_loops_ring, basic_altar, uniq_sigmund, uniq_jessica
D:4:      layout_layer_cave, lemuel_crystal_altar, kennysheep_boxes

Skill      XL: |  1  2  3  4 |
---------------+-------------+-----
Earth Magic    | 3 |  3.4
Dodging        | 2 |  2.1
Spellcasting   | 3 |  3.4
Stealth        | 2 |  2.0
Short Blades   | |  0.4
Transmutations | |  0.8

Action                     |  1- 3 |  4- 6 || total
---------------------------+-------+-------++-------
  Melee: Dagger            |    13 |     3 ||    16
         Punch             |     1 |       ||     1
  Throw: Boomerang         |     9 |       ||     9
   Cast: Sandblast         |    33 |    26 ||    59
    Use: Potion            |     1 |       ||     1
   Stab: Sleeping          |     1 |     2 ||     3
 Armour: Robe              |     9 |     4 ||    13
  Dodge: Dodged            |    27 |    10 ||    37
